 Dungeon Crawl Stone Soup version 0.23.0-3-gf3c87f2 (webtiles) character file.

Game seed: 15385756018951670426

8913 Inarius the Cleaver (level 11, 0/72 HPs)
             Began as a Halfling Abyssal Knight on Feb 20, 2019.
             Was a High Priest of Lugonu.
             Slain by an eight-headed hydra (8 damage)
             ... while paralysed by a hornet
             ... on level 10 of the Dungeon.
             The game lasted 00:21:04 (9388 turns).

Inarius the Cleaver (Halfling Abyssal Knight)       Turns: 9388, Time: 00:21:04

Health: 0/72       AC: 18    Str: 16    XL:     11   Next: 64%
Magic:  16/16      EV:  3    Int: 10    God:    Lugonu [*****.]
Gold:   618        SH:  0    Dex: 15    Spells: 10/10 levels left

rFire    . . .     SeeInvis .   E - +1 war axe
rCold    . . .     Gourm    .   G - +0 buckler
rNeg     . . .     Faith    .   y - +0 plate armour
rPois    .         Spirit   .   L - +0 helmet
rElec    .         Reflect  .   v - +2 cloak
rCorr    .         Harm     .   (no gloves)
MR       .....                  (no boots)
Stlth    ..........             k - amulet of regeneration
HPRegen  0.62/turn              o - ring of stealth
MPRegen  0.15/turn              (no ring)

@: paralysed, lethally poisoned (0 -> -14)
A: small, mutation resistance 1
a: Depart the Abyss, Bend Space, Banish, Corrupt, Enter the Abyss, Renounce
Religion


You were on level 10 of the Dungeon.
You worshipped Lugonu.
Lugonu was extremely pleased with you.
You were not hungry.

You visited 1 branch of the dungeon, and saw 10 of its levels.
You visited the Abyss 1 time.

You collected 618 gold pieces.

Inventory:

Hand Weapons
 i - a +4 dagger of distortion
 p - a +1 whip of flaming
 E - a +1 war axe (weapon)
Missiles
 J - 6 tomahawks (quivered)
 M - 4 poisoned javelins
Armour
 v - a +2 cloak (worn)
 y - a +0 plate armour (worn)
 G - a +0 buckler (worn)
 L - a +0 helmet (worn)
Jewellery
 k - an amulet of regeneration (around neck)
 m - an uncursed ring of ice
 o - a ring of stealth (left hand)
 u - an uncursed ring of ice
Wands
 a - a wand of digging (4)
 b - a wand of paralysis (18)
 H - a wand of random effects (33)
Scrolls
 d - 2 scrolls of noise
 f - 2 scrolls of vulnerability
 h - a scroll of blinking
 n - a scroll of magic mapping
 r - 2 scrolls of random uselessness
 x - 4 scrolls of immolation
 z - 2 scrolls of enchant armour {unknown}
 C - a scroll of remove curse
 D - 4 scrolls of teleportation
 I - a scroll of silence {unknown}
Potions
 e - 7 potions of haste
 g - a potion of heal wounds
 j - a potion of ambrosia {unknown}
 l - 2 potions of resistance
 q - 5 potions of flight
 t - 2 potions of degeneration {unknown}
 w - a potion of might {unknown}
 A - a potion of brilliance {unknown}
 B - a potion of mutation {unknown}
 F - a potion of cancellation {unknown}
 K - 2 potions of agility {unknown}
Comestibles
 c - 20 rations


   Skills:
 + Level 6.1 Fighting
 * Level 12.3 Axes
 + Level 1.3 Throwing
 + Level 8.0 Armour
 + Level 3.4 Dodging
 - Level 2.0 Stealth
 + Level 2.4 Shields
 * Level 7.2 Invocations
 + Level 0.3 Evocations


You had 10 spell levels left.
You didn't know any spells.
Your spell library contained the following spells:

 Spells                   Type           Power        Failure   Level  Hunger
 Animate Skeleton         Necr           N/A          100%        1    ##.....
 Apportation              Tloc           #.....       100%        1    ##.....
 Confusing Touch          Hex            #.....       100%        1    ##.....
 Magic Dart               Conj           #...         100%        1    ##.....
 Summon Small Mammal      Summ           #...         100%        1    ##.....
 Blink                    Tloc           N/A          100%        2    ###....
 Call Imp                 Summ           #.......     100%        2    ###....
 Slow                     Hex            #.......     100%        2    ###....
 Conjure Flame            Conj/Fire      #.......     100%        3    ####...
 Mephitic Cloud           Conj/Pois/Air  #.......     100%        3    ####...


Dungeon Overview and Level Annotations

Branches:
Dungeon (10/15)            Temple (0/1) D:4            Lair (0/6) D:9
    Orc (0/2) D:10

Altars:
Makhleb
Nemelex Xobeh
Qazlal
Trog
Uskayaw
Wu Jian
Zin
Beogh

Shops:
D:10 ([

Annotations:
D:5 3 runed translucent doors, feelmyfire's ghost, novice NaTm
D:9 2 transporters, Lavandula's ghost, novice CeWn


Innate Abilities, Weirdness & Mutations

You are small and have problems with some larger weapons.
You are somewhat resistant to further mutation.


Message History

You feel sick. You block the hornet's attack.
You slash the hornet!
The hornet is moderately wounded.
You feel sick. The hornet stings you!
You are more poisoned.
You suddenly lose the ability to move!
You feel sick. The hornet stings you.
You are more poisoned.
You shrug off the repeated paralysis!
You feel very sick. The eight-headed hydra bites you!
The eight-headed hydra bites you but does no damage.
The eight-headed hydra bites you!
* * * LOW HITPOINT WARNING * * *
The eight-headed hydra bites you but does no damage.
The eight-headed hydra bites you!
* * * LOW HITPOINT WARNING * * *
The eight-headed hydra barely misses you.
The eight-headed hydra bites you!
You die...

#####
......#########
......yD@.>...#
......#######.#
..... #.# ....
#######.# ...
#..#..#.# ..
#(.#..#.# (
#..#.(..#
#..##.###
#.....#


You could see an eight-headed hydra and a hornet.

Vanquished Creatures
  Pikel (D:6)
  A centaur zombie (D:9)
  Psyche (D:8)
  A queen bee (D:8)
  A troll (D:10)
  Prince Ribbit (D:5)
  2 hippogriffs
  11 yaks
  4 hungry ghosts
  An ice beast (D:8)
  2 sky beasts
  3 slaves
  10 ogres
  3 orc warriors
  2 phantoms
  2 centaurs
  3 crocodiles
  2 bullfrogs
  A gnoll sergeant (D:7)
  5 scorpions
  24 killer bees
  2 howler monkeys (D:9)
  2 jellies
  A quasit (D:8)
  A bullfrog zombie (D:9)
  3 hounds
  A gnoll shaman (D:4)
  7 orc priests
  3 iguanas
  8 orc wizards
  3 bullfrog skeletons
  5 worker ants
  6 adders
  10 gnolls
  4 shadow imps
  An ooze (D:1)
  A worm (D:2)
  2 dart slugs
  5 leopard geckos
  24 orcs
  11 bats
  A giant cockroach (D:1)
  9 goblins
  8 hobgoblins
  7 jackals (D:9)
  6 quokkas
  2 ball pythons (D:2)
  A ball python zombie (D:6)
  6 frilled lizards
  8 kobolds
  9 rats
238 creatures vanquished.

Vanquished Creatures (others)
  A slave (D:7)
  A fungus (D:5)
  A plant (D:5)
3 creatures vanquished.

Grand Total: 241 creatures vanquished

Notes
Turn   | Place    | Note
-------+----------+-------------------------------------------
     0 | Abyss:1  | Inarius the Halfling Abyssal Knight began the quest for the
                  | Orb.
     0 | Abyss:1  | Reached XP level 1. HP: 15/15 MP: 2/2
     9 | D:1      | Escaped the Abyss
   103 | D:1      | Reached XP level 2. HP: 19/21 MP: 3/3
   314 | D:1      | Reached XP level 3. HP: 17/26 MP: 4/4
   836 | D:1      | Reached ** piety under Lugonu
  1103 | D:2      | Reached XP level 4. HP: 27/31 MP: 5/5
  1390 | D:2      | Reached skill level 3 in Axes
  2003 | D:3      | Found an ornate altar of the Wu Jian Council.
  2005 | D:3      | Found a bloodstained altar of Trog.
  2005 | D:3      | Found a burning altar of Makhleb.
  2006 | D:3      | Found a glowing silver altar of Zin.
  2008 | D:3      | Found a sparkling altar of Nemelex Xobeh.
  2009 | D:3      | Found a hide-covered altar of Uskayaw.
  2010 | D:3      | Found a stormy altar of Qazlal.
  2094 | D:4      | Reached *** piety under Lugonu
  2133 | D:4      | Reached XP level 5. HP: 23/36 MP: 6/6
  2255 | D:4      | Reached skill level 4 in Axes
  2270 | D:4      | Reached XP level 6. HP: 36/42 MP: 7/7
  2286 | D:4      | Found a staircase to the Ecumenical Temple.
  2728 | D:4      | Reached skill level 5 in Axes
  3064 | D:5      | Entered Level 5 of the Dungeon
  3064 | D:5      | Noticed Prince Ribbit
  3064 | D:5      | Noticed an ogre
  3078 | D:4      | Killed an ogre
  3078 | D:4      | Reached XP level 7. HP: 8/47 MP: 9/9
  3192 | D:5      | Killed Prince Ribbit
  3192 | D:5      | Reached skill level 6 in Axes
  3454 | D:5      | Reached XP level 8. HP: 49/54 MP: 9/11
  3473 | D:5      | Found a runed translucent gate.
  3473 | D:5      | Found a runed translucent gate.
  3473 | D:5      | Found a runed translucent gate.
  3473 | D:5      | Noticed feelmyfire's ghost (novice NaTm)
  3476 | D:5      | Identified the +7 whip of Purpose {venom, rF+}
  4025 | D:6      | Reached skill level 7 in Axes
  4488 | D:7      | Noticed Pikel
  4635 | D:7      | Reached skill level 5 in Armour
  4981 | D:6      | Killed Pikel
  4981 | D:6      | Reached skill level 8 in Axes
  4981 | D:6      | Reached skill level 1 in Shields
  4981 | D:6      | Reached XP level 9. HP: 54/59 MP: 12/12
  5005 | D:7      | Reached skill level 5 in Invocations
  5634 | D:7      | Reached skill level 9 in Axes
  6056 | D:8      | Reached XP level 10. HP: 65/65 MP: 14/14
  6059 | D:8      | Reached skill level 5 in Fighting
  6074 | D:8      | Reached **** piety under Lugonu
  6231 | D:8      | Reached skill level 10 in Axes
  6633 | D:8      | Noticed Psyche
  6640 | D:8      | Killed Psyche
  6679 | D:8      | Found a roughly hewn altar of Beogh.
  6686 | D:8      | Reached skill level 11 in Axes
  7062 | D:8      | Reached XP level 11. HP: 32/72 MP: 15/15
  7189 | D:9      | Found a staircase to the Lair.
  7451 | D:9      | Found a transporter.
  7588 | D:9      | Reached ***** piety under Lugonu
  7695 | D:9      | Identified the cursed +0 great mace of the Well-Known
                  | Cities {flame, Fragile rPois Int+5 Dex+3}
  7695 | D:9      | Identified the +10 dire flail "Negratri" {pain, *Contam
                  | +Rage rC+ Str+2}
  7695 | D:9      | Noticed a two-headed ogre
  7696 | D:9      | Found a transporter.
  7696 | D:9      | Noticed Lavandula's ghost (novice CeWn)
  7697 | D:9      | Noticed a two-headed ogre
  7698 | D:9      | Noticed a two-headed ogre
  7789 | D:9      | Reached skill level 1 in Throwing
  8025 | D:9      | Reached skill level 12 in Axes
  8535 | D:10     | Entered Level 10 of the Dungeon
  9099 | D:10     | Found Upapleon's Armour Boutique.
  9099 | D:10     | Found a staircase to the Orcish Mines.
  9101 | D:10     | Found Istradil's Weapon Boutique.
  9380 | D:10     | Noticed an eight-headed hydra
  9381 | D:10     | Paralysed by a hornet for 1 turns
  9386 | D:10     | Paralysed by a hornet for 3 turns
  9388 | D:10     | Slain by an eight-headed hydra

Skill      XL: |  1  2  3  4  5  6  7  8  9 10 11 |
---------------+----------------------------------+-----
Fighting       | 3 4 5 6 |  6.1
Axes           | 3 4 5 6 8 9 11 12 | 12.3
Invocations    | 3 4 5 6 7 |  7.2
Armour         | 3 4 5 6 7 8 |  8.0
Stealth        | 2 |  2.0
Shields        | 1 2 |  2.4
Dodging        | 2 3 |  3.4
Throwing       | 1 |  1.3
Evocations     | |  0.3

Action                   |  1- 3 |  4- 6 |  7- 9 | 10-12 || total
-------------------------+-------+-------+-------+-------++-------
Melee: Hand axe          |   103 |   221 |       |       ||   324
       War axe           |       |    12 |   363 |   513 ||   888
Throw: Tomahawk          |       |       |     5 |    15 ||    20
Invok: Bend Space        |       |     1 |     4 |     6 ||    11
Evoke: Wand              |       |       |     4 |    10 ||    14
  Use: Scroll            |       |     8 |     4 |     1 ||    13
       Potion            |       |       |     6 |     4 ||    10
 Stab: Sleeping          |     1 |       |       |       ||     1
       Invisible         |       |       |     9 |    12 ||    21
  Eat: Chunk             |     1 |     6 |     5 |    28 ||    40
       Ration            |       |       |     3 |     1 ||     4
Armor: Leather armour    |    38 |    25 |       |       ||    63
       Plate armour      |       |   132 |   290 |   363 ||   785
       Skin              |       |       |       |    62 ||    62
Dodge: Dodged            |   104 |   113 |   126 |   180 ||   523
Block: Buckler           |       |       |    48 |   124 ||   172
